 Dungeon Crawl Stone Soup version 0.31-a0-214-gb37851dbb3 (webtiles) character file.

Game seed: 16453779593341956396

82 qw the Chopper (level 4, -1/28 HPs)
             Began as a Gargoyle Fighter on July 1, 2023.
             Slain by an iguana (3 damage)
             ... on level 6 of the Dungeon.
             The game lasted 00:01:03 (2578 turns).

qw the Chopper (Gargoyle Fighter)                   Turns: 2578, Time: 00:01:04

Health: -1/28      AC: 17    Str: 22    XL:     4   Next: 43%
Magic:  4/4        EV:  6    Int:  8    God:
Gold:   109        SH:  4    Dex:  9    Spells: 3/3 levels left

rFire   . . .        Y - +0 war axe
rCold   . . .        c - +0 buckler
rNeg    + . .        h - +0 plate armour
rPois   inf          (no helmet)
rElec   +            l - +0 cloak
rCorr   .            (no gloves)
SInv    .            m - +0 pair of boots
Will    .....        (no amulet) Stlth
                     (no ring)
HPRegen 0.24/turn    (no ring)
MPRegen 0.09/turn

%: no passive effects
@: no status effects
A: sickness immunity, AC +3, negative energy resistance 1, electricity
resistance, torment resistance 1, petrification resistance
a: no special abilities


You were on level 6 of the Dungeon.
You visited 1 branch of the dungeon, and saw 5 of its levels.

You collected 207 gold pieces.
You spent 98 gold pieces at shops.


Innate Abilities, Weirdness & Mutations

You are immune to sickness and miasma.
Your stone body is resilient. (AC +3)
You are immune to poison.
You resist negative energy. (rN+)
You are resistant to electric shocks. (rElec)
You are resistant to unholy torment.
You are immune to petrification.


   Skills:
 - Level 3.2 Fighting
 + Level 4.1 Axes
 - Level 3.2 Armour
 - Level 3.2 Shields


You had 3 spell levels left.
You didn't know any spells.
Your spell library was empty.

Inventory:

Hand Weapons
 e - a +0 whip
 k - a +2 flail of draining
 Y - a +0 war axe (weapon)
Armour
 c - a +0 buckler (worn)
 h - a +0 plate armour (worn)
 l - a +0 cloak (worn)
 m - a +0 pair of boots (worn)
Scrolls
 a - a scroll of identify
Potions
 b - a potion of enlightenment {unknown}
 d - 2 potions of might
 g - a potion of invisibility {unknown}

Dungeon Overview and Level Annotations

Branches:
Dungeon (4/15)
 Temple: D:4-7

Altars:

Shops:
D:2 (   D:3 [=

Annotations:
D:2 1 runed translucent door, Crazy Yiuf


Message History

You block the phantom's attack.
The phantom hits you but does no damage.
You hit the phantom but do no damage.
The phantom is heavily damaged.
The phantom hits you.
The phantom blinks!
You blink.
Found a spear.
Found a stone staircase leading up.
You hit the phantom.
The phantom is heavily damaged.
The phantom hits you but does no damage.
You hit the phantom.
The phantom is severely damaged.
The phantom hits you but does no damage.
You hit the phantom.
The phantom is severely damaged.
The phantom hits you but does no damage. x2
You closely miss the phantom.
The phantom is severely damaged.
The phantom hits you but does no damage.
You hit the phantom but do no damage.
The phantom is severely damaged.
The phantom hits you but does no damage.
You hit the phantom.
The phantom is severely damaged.
The phantom hits you.
The phantom hits you but does no damage.
The iguana bites you.
You barely miss the phantom.
The phantom is severely damaged.
You barely miss the iguana. The iguana bites you.
The phantom barely misses you.
You barely miss the phantom.
The phantom is severely damaged.
You hit the iguana but do no damage.
The phantom hits you but does no damage.
The iguana bites you but does no damage.
You barely miss the phantom.
The phantom is severely damaged.
You hit the iguana but do no damage. You block the phantom's attack.
The iguana bites you.
You die...

#. #..# #. #..# #.
##.$## #.##.../#
####
#.#.$...##....)
#........#.....
#..............
##...........<.
##....@#....
##...lW.# #
#..?........# #
#.#####...#.####...
...##.#.#...>.!.#
#.#.###.....#######
#..## ##..#........
#.## ##[.....#
#..## #..####.(...


You could see a phantom and an iguana.

Vanquished Creatures
  3 adders
  2 dart slugs (D:3)
  An orc (D:3)
  3 bats
  7 endoplasms
  A giant cockroach (D:3)
  3 goblins
  4 hobgoblins
  2 jackals (D:1)
  8 kobolds
  2 quokkas
  2 ball pythons (D:2)
  3 frilled lizards
  5 rats
46 creatures vanquished.

Notes
Turn   | Place    | Note
-------+----------+-------------------------------------------
     0 | D:1      | qw the Gargoyle Fighter began the quest for the Orb.
     0 | D:1      | Reached XP level 1. HP: 14/14 MP: 1/1
     0 | D:1      | 0 ||| qw: Version: 0.3-a-32-g5962c71
     0 | D:1      | 0 ||| qw: Game counter: 7591
     0 | D:1      | 0 ||| qw: Melee chars always use a shield: true
     0 | D:1      | 0 ||| qw: God list: Okawaru
     0 | D:1      | 0 ||| qw: Allow faded altars: false
     0 | D:1      | 0 ||| qw: Do Orc after clearing Dungeon:15 true
     0 | D:1      | 0 ||| qw: Do second Lair branch before Depths: true
     0 | D:1      | 0 ||| qw: Lair rune preference: random
     0 | D:1      | 0 ||| qw: Goals: Normal, Zot:1-4, Slime:5, God:TSO, Crypt,
                  | Tomb, Abyss, Pan, Hells, Win
     0 | D:1      | 0 ||| PLANNING D:1-11
    41 | D:1      | Reached skill level 2 in Axes
   515 | D:1      | Reached XP level 2. HP: 19/19 MP: 2/2
   794 | D:1      | 794 ||| UPGRADING to +0 plate armour.
   804 | D:1      | 804 ||| DROPPING +0 scale mail.
   805 | D:1      | 805 ||| READING scroll labelled EVUQOZXUOKES.
   808 | D:1      | 808 ||| READING scroll labelled FUIHEIKUYNK.
   821 | D:2      | Found a faded altar of an unknown god.
   854 | D:2      | Reached skill level 3 in Axes
   854 | D:2      | Reached XP level 3. HP: 23/23 MP: 3/3
   863 | D:2      | 863 ||| Stepping ~*~*~tactically~*~*~ (stealth).
  1144 | D:2      | Found Onuffif's Weapon Boutique.
  1233 | D:2      | Found a runed translucent door.
  1234 | D:2      | Noticed Crazy Yiuf
  1446 | D:2      | 1446 ||| READING scroll labelled ABLAOL KECS.
  1447 | D:2      | 1447 ||| READING scroll labelled OFUHIOSTROKK.
  1607 | D:3      | 1607 ||| Stepping ~*~*~tactically~*~*~ (hiding).
  1616 | D:3      | Reached XP level 4. HP: 28/28 MP: 4/4
  1725 | D:3      | Found Maefisso's Distillery.
  1759 | D:3      | 1759 ||| Stepping ~*~*~tactically~*~*~ (stealth).
  1958 | D:3      | Reached skill level 4 in Axes
  2057 | D:3      | Found Igaup's Armour Shoppe.
  2070 | D:3      | 2070 ||| BUYING +0 cloak (49 gold).
  2070 | D:3      | Bought a +0 cloak for 49 gold pieces
  2070 | D:3      | 2070 ||| BUYING +0 pair of boots (49 gold).
  2070 | D:3      | Bought a +0 pair of boots for 49 gold pieces
  2099 | D:3      | 2099 ||| Stepping ~*~*~tactically~*~*~ (hiding).
  2270 | D:3      | 2270 ||| Stepping ~*~*~tactically~*~*~ (stealth).
  2279 | D:3      | Found Kosmarpheoq's Jewellery Emporium.
  2290 | D:3      | 2290 ||| SHOPLISTING +6 ring of dexterity (504 gold, have
                  | 93).
  2290 | D:3      | 2290 ||| SHOPLISTING amulet "Keathu" {RegenMP rC+ Dex+2}
                  | (674 gold, have 93).
  2290 | D:3      | 2290 ||| SHOPLISTING amulet of faith (560 gold, have 93).
  2290 | D:3      | 2290 ||| SHOPLISTING ring of ice (350 gold, have 93).
  2290 | D:3      | 2290 ||| SHOPLISTING ring of protection from cold (350
                  | gold, have 93).
  2290 | D:3      | 2290 ||| SHOPLISTING ring of protection from fire (350
                  | gold, have 93).
  2290 | D:3      | 2290 ||| SHOPLISTING ring of resist corrosion (280 gold,
                  | have 93).
  2485 | D:3      | 2485 ||| UPGRADING to +0 cloak.
  2490 | D:3      | 2490 ||| UPGRADING to +0 pair of boots.
  2495 | D:3      | 2495 ||| READING scroll labelled DIHEWE ASIN.
  2496 | D:3      | 2496 ||| READING scroll labelled NALANE PURGHUYH.
  2497 | D:3      | 2497 ||| READING scroll labelled SAGIMA XIKAQU.
  2498 | D:3      | 2498 ||| READING scroll labelled ZIUCON XAFU.
  2499 | D:3      | 2499 ||| READING scroll labelled AFROLIAP XIEJE.
  2532 | D:4      | You fall into a shaft and drop 2 floors!
  2540 | D:6      | Noticed a phantom
  2575 | D:6      | HP: 6/28 [iguana (6)]
  2576 | D:6      | HP: 2/28 [iguana (5)]
  2578 | D:6      | Slain by an iguana

Levels and vault maps discovered:
D:1:      dpeg_arrival_solitude, layout_loops_corners
D:2:      layout_basic, ebering_ecumenical_altar_sacrificial, serial_shops,
          shop, dk_vineyard_2, uniq_crazy_yiuf_cottage
D:3:      layout_basic, serial_shops, nicolae_shop_gaudy_bauble,
          nicolae_shop_waterfront, nicolae_shop_advertising_works
          [nicolae_subvault_shop_adworks], columned_hall_lemuel,
          minmay_crystal_water
D:4:      layout_basic, minmay_misc_feat_hallway, palyth_stone_intersect,
          uniq_duvessa
D:6:      layout_loops_ring

Skill      XL: |  1  2  3  4 |
---------------+-------------+-----
Axes           | 2 3 4 |  4.1
Fighting       | |  3.2
Armour         | |  3.2
Shields        | |  3.2

Action                     |  1- 3 |  4- 6 || total
---------------------------+-------+-------++-------
  Melee: War axe           |    71 |    90 ||   161
    Use: Scroll            |     4 |     5 ||     9
 Armour: Scale mail        |     9 |       ||     9
         Plate armour      |    38 |    63 ||   101
  Dodge: Dodged            |    18 |    23 ||    41
  Block: Buckler           |    12 |    17 ||    29

Table legend:
 A = Non-vault XP
 B = Vault XP
 C = Vault XP percentage of total XP
 D = Non-vault monster count
 E = Vault monster count
 F = Vault count percentage of total count
                 A         B        C        D         E       F
            +---------+---------+-------+---------+---------+-------
      Total |     118 |       0 |   0.0 |      46 |       0 |   0.0
            +---------+---------+-------+---------+---------+-------
        D:1 |      16 |       0 |   0.0 |       9 |       0 |   0.0
        D:2 |      50 |       0 |   0.0 |      17 |       0 |   0.0
        D:3 |      52 |       0 |   0.0 |      20 |       0 |   0.0
            +---------+---------+-------+---------+---------+-------
